FCL
FCL PHILADELPHIA PHILLIES @ FCL PITTSBURGH PIRATES
05/09/2042
 
TOP OF THE 1ST
FCL Philadelphia Phillies batting - Pitching for FCL Pittsburgh Pirates : LHP César Machi
Pitching: LHP César Machi
Batting: RHB Alex Miller 0-0: Ball
1-0: Swinging Strike
1-1: Called Strike
1-2: Strikes out looking
Batting: RHB Stan Newhouse 0-0: Ball
1-0: Ball
2-0: Called Strike
2-1: Ball
3-1: Base on Balls
Batting: LHB Jared O'Neal 0-0: Called Strike
0-1: Swinging Strike
0-2: Ball
1-2: Ball
2-2: Ball
3-2: Grounds into double play, 5-4-3 (Groundball, 56, EV 103.8 MPH)
Top of the 1st over - 0 runs, 0 hits, 0 errors, 0 left on base; FCL Philadelphia 0 - FCL Pittsburgh 0
BOTTOM OF THE 1ST
FCL Pittsburgh Pirates batting - Pitching for FCL Philadelphia Phillies : RHP Curt Kaufman
Pitching: RHP Curt Kaufman
Batting: SHB Chris Malone 0-0: Ball
1-0: Ball
2-0: Foul Ball, location: 7LDF
2-1: Swinging Strike
2-2: Strikes out swinging
Batting: RHB Jon Stanton 0-0: Ball
1-0: SINGLE (Groundball, 34D, EV 96.3 MPH)
Batting: LHB Jeff White 0-0: Ball
1-0: Called Strike
1-1: Swinging Strike
1-2: Foul Ball, location: 2F
1-2: 2-RUN HOME RUN (Flyball, 9D, EV 96.3 MPH), Distance : 370 ft
Batting: RHB Adrián Quint 0-0: Ball
1-0: Called Strike
1-1: Foul Ball, location: 2F
1-2: Strikes out looking
Batting: RHB Ron Jordan 0-0: SINGLE (Line Drive, 7S, EV 88.8 MPH)
Batting: RHB Sandoval Passos 0-0: Ball
1-0: Ball
2-0: Ball
3-0: Base on Balls
Ron Jordan to second
Batting: RHB Tristan Daniels 0-0: Ball
1-0: Ground out 5-3 (Groundball, 56S, EV 80.6 MPH)
Bottom of the 1st over - 2 runs, 3 hits, 0 errors, 2 left on base; FCL Philadelphia 0 - FCL Pittsburgh 2
TOP OF THE 2ND
FCL Philadelphia Phillies batting - Pitching for FCL Pittsburgh Pirates : LHP César Machi
Batting: RHB Johnny Love 0-0: Ball
1-0: Called Strike
1-1: Hit by Pitch
Batting: RHB Jimmy Anderson 0-0: Foul Ball, location: 23F
0-1: Ball
1-1: Foul Ball, location: 2F
1-2: Strikes out looking
Batting: RHB Curt Singleton 0-0: Ball
1-0: Called Strike
1-1: Ball
2-1: Ball
3-1: Foul Ball, location: 2F
3-2: Base on Balls
Johnny Love to second
Batting: SHB Mike Bell 0-0: Ball
1-0: Called Strike
1-1: Foul Ball, location: 5F
1-2: Fly out, F7 (Flyball, 7D, EV 106.3 MPH)
Runner from 2nd tags up, SAFE at 3rd, no throw by LF
Batting: RHB Micheal Oliver 0-0: Ball
1-0: Fielders Choice at 2nd, 6-4 (Groundball, 6, EV 83.8 MPH)
Top of the 2nd over - 0 runs, 0 hits, 0 errors, 2 left on base; FCL Philadelphia 0 - FCL Pittsburgh 2
BOTTOM OF THE 2ND
FCL Pittsburgh Pirates batting - Pitching for FCL Philadelphia Phillies : RHP Curt Kaufman
Batting: SHB César Machi 0-0: Fly out, F9 (Flyball, 89S, EV 90.0 MPH)
Batting: LHB Joe Keys 0-0: Ball
1-0: Foul Ball, location: 5FF
1-1: Foul Ball, location: 2F
1-2: Ball
2-2: DOUBLE (Line Drive, 9LS, EV 104.4 MPH)
Batting: SHB Chris Malone 0-0: Foul Ball, location: 2F
0-1: Ball
1-1: Swinging Strike
1-2: Strikes out swinging
Batting: RHB Jon Stanton 0-0: Called Strike
0-1: Fly out, F8 (Flyball, 8RD, EV 84.4 MPH)
Bottom of the 2nd over - 0 runs, 1 hit, 0 errors, 1 left on base; FCL Philadelphia 0 - FCL Pittsburgh 2
TOP OF THE 3RD
FCL Philadelphia Phillies batting - Pitching for FCL Pittsburgh Pirates : LHP César Machi
Batting: RHB Jim Unknown 0-0: Foul Ball, location: 23FF
0-1: Called Strike
0-2: Foul Ball, location: 5FF
0-2: Ball
1-2: Ball
2-2: Foul Ball, location: 3DF
2-2: Ball
3-2: Foul Ball, location: 2RF
3-2: Base on Balls
Batting: RHB Alex Miller 0-0: Sac Bunt to 13S - play at first, batter OUT! 1-3
Jim Unknown to second
Batting: RHB Stan Newhouse 0-0: Called Strike
0-1: Ball
1-1: Ball
2-1: Foul Ball, location: 5F
2-2: Ball
3-2: Base on Balls
Batting: LHB Jared O'Neal 0-0: Called Strike
0-1: 3-RUN HOME RUN (Flyball, 7LD, EV 94.4 MPH), Distance : 340 ft
Batting: RHB Johnny Love 0-0: Ball
1-0: Foul Ball, location: 25F
1-1: Foul Ball, location: 2F
1-2: Fly out, F7 (Flyball, 7, EV 90.0 MPH)
Batting: RHB Jimmy Anderson 0-0: Ball
1-0: Ball
2-0: Ball
3-0: Called Strike
3-1: Called Strike
3-2: Foul Ball, location: 2F
3-2: Base on Balls
Batting: RHB Curt Singleton 0-0: Ball
1-0: Ball
2-0: Called Strike
2-1: Called Strike
2-2: Ball
3-2: Strikes out swinging
Top of the 3rd over - 3 runs, 1 hit, 0 errors, 1 left on base; FCL Philadelphia 3 - FCL Pittsburgh 2
BOTTOM OF THE 3RD
FCL Pittsburgh Pirates batting - Pitching for FCL Philadelphia Phillies : RHP Curt Kaufman
Batting: LHB Jeff White 0-0: Ball
1-0: Ball
2-0: Ball
3-0: Called Strike
3-1: Called Strike
3-2: Base on Balls
Batting: RHB Adrián Quint 0-0: Called Strike
0-1: Fly out, F4 (Line Drive, 4, EV 70.6 MPH)
Batting: RHB Ron Jordan 0-0: Ball
Jeff White steals 2nd base
1-0: Ball
2-0: Ball
3-0: Called Strike
3-1: Base on Balls
Batting: RHB Sandoval Passos 0-0: SINGLE (Line Drive, 78S, EV 96.9 MPH)
Jeff White to third
Ron Jordan to second
Runner from 3rd tries for Home, throw by CF and OUT! 8-2
Ron Jordan to third
Sandoval Passos to second
Batting: RHB Tristan Daniels 0-0: Called Strike
0-1: Ball
1-1: Ball
2-1: Foul Ball, location: 3DF
2-2: Ball
3-2: Strikes out swinging
Bottom of the 3rd over - 0 runs, 1 hit, 0 errors, 2 left on base; FCL Philadelphia 3 - FCL Pittsburgh 2
TOP OF THE 4TH
FCL Philadelphia Phillies batting - Pitching for FCL Pittsburgh Pirates : LHP César Machi
Batting: SHB Mike Bell 0-0: Ground out 6-3 (Groundball, 56, EV 88.1 MPH)
Batting: RHB Micheal Oliver 0-0: Foul Ball, location: 2F
0-1: Swinging Strike
0-2: Strikes out swinging
Batting: RHB Jim Unknown 0-0: Called Strike
0-1: Foul Ball, location: 2F
0-2: SINGLE (Groundball, 34D, EV 99.4 MPH)
Batting: RHB Alex Miller 0-0: Foul Ball, location: 5FF
0-1: Foul Ball, location: 25F
0-2: Foul Ball, location: 23F
0-2: Ball
1-2: Strikes out swinging
Top of the 4th over - 0 runs, 1 hit, 0 errors, 1 left on base; FCL Philadelphia 3 - FCL Pittsburgh 2
BOTTOM OF THE 4TH
FCL Pittsburgh Pirates batting - Pitching for FCL Philadelphia Phillies : RHP Curt Kaufman
Batting: SHB César Machi 0-0: Ball
1-0: Ball
2-0: Bunt missed!
2-1: Called Strike
2-2: SOLO HOME RUN (Flyball, 9D, EV 100.0 MPH), Distance : 385 ft
Batting: LHB Joe Keys 0-0: Called Strike
0-1: SOLO HOME RUN (Flyball, 89XD, EV 106.9 MPH), Distance : 427 ft
Batting: SHB Chris Malone 0-0: Ball
1-0: Called Strike
1-1: Ball
2-1: SINGLE (Line Drive, 34D, EV 97.5 MPH)
Batting: RHB Jon Stanton 0-0: Sac Bunt to 2R - play at first, batter OUT! 2-3
Chris Malone to second
Batting: LHB Jeff White 0-0: DOUBLE (Flyball, 89D, EV 103.1 MPH)
Chris Malone scores
Pitching: LHP Jim Unknown
Batting: RHB Adrián Quint 0-0: Ball
1-0: Ball
2-0: Ball
3-0: Called Strike
3-1: Swinging Strike
3-2: Fly out, F6 (Popup, 6M, EV 53.8 MPH)
Batting: RHB Ron Jordan 0-0: Ball
1-0: Ball
2-0: Ball
3-0: Called Strike
3-1: Base on Balls
Batting: RHB Sandoval Passos 0-0: Swinging Strike
0-1: Ball
1-1: Foul Ball, location: 2LF
1-2: Ball
2-2: Strikes out looking
Bottom of the 4th over - 3 runs, 4 hits, 0 errors, 2 left on base; FCL Philadelphia 3 - FCL Pittsburgh 5
TOP OF THE 5TH
FCL Philadelphia Phillies batting - Pitching for FCL Pittsburgh Pirates : LHP César Machi
Batting: RHB Stan Newhouse 0-0: Ball
1-0: Foul Ball, location: 9LSF
1-1: Foul Ball, location: 7LMF
1-2: Strikes out swinging
Batting: LHB Jared O'Neal 0-0: Swinging Strike
0-1: Foul Ball, location: 2F
0-2: Foul Ball, location: 7LDF
0-2: Ball
1-2: Strikes out swinging
Batting: RHB Johnny Love 0-0: Swinging Strike
0-1: Ball
1-1: Ball
2-1: Swinging Strike
2-2: Ball
3-2: Strikes out looking
Top of the 5th over - 0 runs, 0 hits, 0 errors, 0 left on base; FCL Philadelphia 3 - FCL Pittsburgh 5
BOTTOM OF THE 5TH
FCL Pittsburgh Pirates batting - Pitching for FCL Philadelphia Phillies : LHP Jim Unknown
Batting: RHB Tristan Daniels 0-0: Foul Ball, location: 9LDF
0-1: Ball
1-1: Ball
2-1: Foul Ball, location: 2F
2-2: Foul Ball, location: 2F
2-2: Foul Ball, location: 9LDF
2-2: Foul Ball, location: 3SF
2-2: Ball
3-2: Foul Ball, location: 2F
3-2: SINGLE (Line Drive, 78S, EV 92.5 MPH)
Batting: SHB César Machi 0-0: Ball
1-0: Swinging Strike
1-1: Ball
2-1: Sac Bunt to 13S - play at first, batter OUT! 1-3
Tristan Daniels to second
Batting: LHB Joe Keys 0-0: Ball
1-0: Ball
2-0: Ball
3-0: Base on Balls
Batting: SHB Chris Malone 0-0: Called Strike
0-1: Ball
1-1: Ball
2-1: Foul Ball, location: 2F
2-2: Ball
3-2: Foul Ball, location: 3F
3-2: Fly out, F5 (Popup, 25F, EV 81.9 MPH)
Batting: RHB Jon Stanton 0-0: 3-RUN HOME RUN (Flyball, 9LD, EV 90.0 MPH), Distance : 351 ft
Batting: LHB Jeff White 0-0: Foul Ball, location: 23F
0-1: Ball
1-1: Foul Ball, location: 2F
1-2: Ball
2-2: Foul Ball, location: 3FF
2-2: Ground out U3 (Groundball, 34S, EV 88.1 MPH)
Bottom of the 5th over - 3 runs, 2 hits, 0 errors, 0 left on base; FCL Philadelphia 3 - FCL Pittsburgh 8
TOP OF THE 6TH
FCL Philadelphia Phillies batting - Pitching for FCL Pittsburgh Pirates : LHP César Machi
Pitching: LHP Dave Horton
Batting: RHB Jimmy Anderson 0-0: Called Strike
0-1: Ball
1-1: Ball
2-1: Ball
3-1: Called Strike
3-2: Base on Balls
Batting: RHB Curt Singleton 0-0: Called Strike
0-1: Ball
1-1: Foul Ball, location: 9LMF
1-2: SINGLE (Groundball, 4D, EV 103.8 MPH)
Jimmy Anderson to second
Runner from 2nd tries for 3rd, SAFE, no throw by CF
Batting: SHB Mike Bell 0-0: Ball
1-0: Foul Ball, location: 3SF
1-1: Swinging Strike
1-2: Fly out, F4 (Popup, 34, EV 53.1 MPH)
Batting: RHB Micheal Oliver 0-0: Ball
1-0: 3-RUN HOME RUN (Flyball, 78XD, EV 107.5 MPH), Distance : 419 ft
Batting: RHB Jim Unknown 0-0: Ball
1-0: Called Strike
1-1: Foul Ball, location: 2F
1-2: Strikes out swinging
Batting: RHB Alex Miller 0-0: Ball
1-0: Ball
2-0: SOLO HOME RUN (Flyball, 9D, EV 101.3 MPH), Distance : 370 ft
Batting: RHB Stan Newhouse 0-0: Ball
1-0: Ball
2-0: Called Strike
2-1: Foul Ball, location: 2RF
2-2: Strikes out swinging, 2-3 out at first.
Top of the 6th over - 4 runs, 3 hits, 0 errors, 0 left on base; FCL Philadelphia 7 - FCL Pittsburgh 8
BOTTOM OF THE 6TH
FCL Pittsburgh Pirates batting - Pitching for FCL Philadelphia Phillies : LHP Jim Unknown
Pitching: LHP Jim Unknown
Batting: RHB Adrián Quint 0-0: Ball
1-0: Ball
2-0: Ball
3-0: Called Strike
3-1: Base on Balls
Batting: RHB Ron Jordan 0-0: Foul Ball, location: 5FF
0-1: Ball
1-1: Called Strike
1-2: Ball
2-2: Strikes out swinging
Batting: RHB Sandoval Passos 0-0: Called Strike
0-1: Ball
1-1: Ball
2-1: Ball
3-1: Foul Ball, location: 9LMF
3-2: Foul Ball, location: 2F
3-2: Base on Balls
Adrián Quint to second
Batting: RHB Tristan Daniels 0-0: Fly out, F9 (Flyball, 89S, EV 76.9 MPH)
Batting: SHB César Machi 0-0: Ball
1-0: Ball
2-0: Foul Ball, location: 23F
2-1: Foul Ball, location: 9LSF
2-2: Ball
3-2: Base on Balls
Adrián Quint to third
Sandoval Passos to second
Batting: LHB Joe Keys 0-0: Swinging Strike
0-1: Called Strike
0-2: Strikes out looking
Bottom of the 6th over - 0 runs, 0 hits, 0 errors, 3 left on base; FCL Philadelphia 7 - FCL Pittsburgh 8
TOP OF THE 7TH
FCL Philadelphia Phillies batting - Pitching for FCL Pittsburgh Pirates : LHP Dave Horton
Batting: LHB Jared O'Neal 0-0: Ball
1-0: Swinging Strike
1-1: Ball
2-1: Foul Ball, location: 2F
2-2: Reached via error on a dropped throw from 1B, E1 (Groundball, 34, EV 102.5 MPH)
Batting: RHB Johnny Love 0-0: Ball
1-0: Called Strike
1-1: Called Strike
1-2: Strikes out swinging
Batting: RHB Jimmy Anderson 0-0: Ball
1-0: Swinging Strike
1-1: Swinging Strike
1-2: Foul Ball, location: 5F
1-2: Ball
2-2: Strikes out swinging
Batting: RHB Curt Singleton 0-0: Ball
1-0: Called Strike
1-1: Ball
2-1: Foul Ball, location: 2F
2-2: Strikes out looking
Top of the 7th over - 0 runs, 0 hits, 1 error, 1 left on base; FCL Philadelphia 7 - FCL Pittsburgh 8
BOTTOM OF THE 7TH
FCL Pittsburgh Pirates batting - Pitching for FCL Philadelphia Phillies : LHP Jim Unknown
Batting: SHB Chris Malone 0-0: Ball
1-0: Fly out, F4 (Popup, 4M, EV 55.0 MPH)
Batting: RHB Jon Stanton 0-0: Ball
1-0: Called Strike
1-1: Ball
2-1: Ball
3-1: Base on Balls
Batting: LHB Jeff White 0-0: Ball
1-0: Ball
2-0: Swinging Strike
2-1: Foul Ball, location: 3FF
2-2: Foul Ball, location: 2F
2-2: Grounds into double play, 4-6-3 (Groundball, 4, EV 110.6 MPH)
Bottom of the 7th over - 0 runs, 0 hits, 0 errors, 0 left on base; FCL Philadelphia 7 - FCL Pittsburgh 8
TOP OF THE 8TH
FCL Philadelphia Phillies batting - Pitching for FCL Pittsburgh Pirates : LHP Dave Horton
Pinch Hitting: RHB Ken Smith 0-0: Fly out, F9 (Flyball, 9LS, EV 75.0 MPH)
Batting: RHB Micheal Oliver 0-0: Called Strike
0-1: Ball
1-1: Swinging Strike
1-2: Foul Ball, location: 2F
1-2: Ball
2-2: Strikes out looking
Batting: RHB Jim Unknown 0-0: Called Strike
0-1: Swinging Strike
0-2: Ball
1-2: Ball
2-2: Strikes out swinging
Top of the 8th over - 0 runs, 0 hits, 0 errors, 0 left on base; FCL Philadelphia 7 - FCL Pittsburgh 8
BOTTOM OF THE 8TH
FCL Pittsburgh Pirates batting - Pitching for FCL Philadelphia Phillies : LHP Jim Unknown
Now in RF: Ken Smith
Batting: RHB Adrián Quint 0-0: Called Strike
0-1: Foul Ball, location: 7LMFF
0-2: Strikes out swinging
Batting: RHB Ron Jordan 0-0: Ball
1-0: Ground out 5-3 (Groundball, 56S, EV 83.1 MPH)
Batting: RHB Sandoval Passos 0-0: Ball
1-0: DOUBLE (Line Drive, 89D, EV 90.0 MPH)
Pitching: LHP Jim Unknown
Batting: RHB Tristan Daniels 0-0: 2-RUN HOME RUN (Flyball, 78XD, EV 103.1 MPH), Distance : 416 ft
Batting: SHB César Machi 0-0: Ball
1-0: Ball
2-0: Ball
3-0: Called Strike
3-1: Foul Ball, location: 7LMF
3-2: Foul Ball, location: 3SF
3-2: Foul Ball, location: 7LDF
3-2: Base on Balls
Batting: LHB Joe Keys 0-0: Called Strike
César Machi steals 2nd base
0-1: Ground out 6-3 (Groundball, 6, EV 108.1 MPH)
Bottom of the 8th over - 2 runs, 2 hits, 0 errors, 1 left on base; FCL Philadelphia 7 - FCL Pittsburgh 10
TOP OF THE 9TH
FCL Philadelphia Phillies batting - Pitching for FCL Pittsburgh Pirates : LHP Dave Horton
Pitching: RHP Jim Unknown
Batting: RHB Alex Miller 0-0: Ball
1-0: Swinging Strike
1-1: Ball
2-1: Foul Ball, location: 25F
2-2: Foul Ball, location: 9LMF
2-2: Strikes out swinging
Batting: RHB Stan Newhouse 0-0: Hit by Pitch
Batting: LHB Jared O'Neal 0-0: Ball
1-0: Ball
2-0: Ball
3-0: Called Strike
3-1: Base on Balls
Stan Newhouse to second
Pinch Hitting: SHB Jim Unknown 0-0: Ball
1-0: Grounds into double play, 5-4-3 (Groundball, 56, EV 82.5 MPH)
Top of the 9th over - 0 runs, 0 hits, 0 errors, 1 left on base; FCL Philadelphia 7 - FCL Pittsburgh 10
Friday, May 3rd , 2024 - OOTP Baseball 24.10 Build 82